 Dungeon Crawl Stone Soup version 0.31-a0-1576-ga3383bade6 (webtiles) character file.

Game seed: 9332190469509211345

571494 jt the Impregnable (level 24, -5/177 HPs)
             Began as an Armataur Alchemist on Jan 4, 2024.
             Was the Champion of Hepliaklqana.
             Killed by divine providence
             ... invoked by a white draconian stormcaller
             ... led by a red draconian scorcher
              (11 damage)
             ... on level 1 of the Realm of Zot on Jan 5, 2024.
             The game lasted 04:35:18 (61914 turns).

jt the Impregnable (Armataur Alchemist)            Turns: 61914, Time: 04:35:20

Health: -5/177     AC: 39    Str: 24    XL:     24   Next: 78%
Magic:  43/48      EV:  6    Int: 32    God:    Hepliaklqana [******]
Gold:   4338       SH: 11    Dex: 12    Spells: 4/54 levels left

rFire   + . .        a - +6 Majin-Bo {spellvamp, MP+6 Int+6}
rCold   + . .        I - +1 buckler {rC+}
rNeg    + . .        o - +0 storm dragon scales
rPois   +            d - +2 helmet {Int+3}
rElec   +            N - +2 cloak {Will+}
rCorr   +            Y - +2 pair of gloves {Dex+3}
SInv    .            W - +2 barding
Will    +++..        r - amulet "Popniog" {RegenMP rPois rF+ rN+ Will+} Stlth
                     i - ring of resist corrosion
HPRegen 0.49/turn    Z - +6 ring of strength
MPRegen 0.71/turn

%: roll
@: about to teleport, on berserk cooldown, very slightly contaminated, slowed,
very slow
A: reduced essence, large, deformed body, tough skin 3, armoured tail, roll 2,
stinger 1, large bone plates 1, clumsy 1, frail 1, teleportitis 1
0: Orb of Zot
}: 4/15 runes: decaying, slimy, silver, gossamer
a: Renounce Religion, Recall Ancestor, Ancestor Identity, Transference, Idealise


You were on level 1 of the Realm of Zot.
You worshipped Hepliaklqana.
Hepliaklqana was exalted by your worship.
You visited 11 branches of the dungeon, and saw 53 of its levels.
You also visited: Bailey, Ice Cave and Volcano.

You collected 8081 gold pieces.
You spent 3743 gold pieces at shops.

Inventory:

Hand Weapons
 a - the +6 Majin-Bo (weapon) {spellvamp, MP+6 Int+6}
   (You bought it in a shop on level 1 of the Orcish Mines)

   Int+6:     It affects your intelligence (+6).
   MP+6:      It affects your magic capacity (+6).
 p - the +5 morningstar of Fortitude {vamp, rPois Str-5 Int+7}
   (You found it on level 5 of the Pits of Slime)

   Str-5:     It affects your strength (-5).
   Int+7:     It affects your intelligence (+7).
   rPois:     It protects you from poison
 w - the +11 trident "Risech" {drain, rElec Int+2 SInv}
   (You took it off a spriggan on level 15 of the Dungeon)

   Int+2:     It affects your intelligence (+2).
   rElec:     It insulates you from electricity.
   SInv:      It lets you see invisible.
 S - a +6 lajatang of electrocution
Missiles
 x - 5 curare-tipped darts
Armour
 d - a +2 helmet of intelligence (worn)
 o - +0 storm dragon scales (worn)
 I - a +1 buckler of cold resistance (worn)
 N - a +2 cloak of willpower (worn)
 W - a +2 barding (worn)
 Y - a +2 pair of gloves of dexterity (worn)
Magical Staves
 h - the staff of Beyond {Will+ rCorr Conj Earth}
   (You found it on level 5 of the Pits of Slime)

   [staff of earth]

   Base accuracy: +5 Base damage: 5 Base attack delay: 1.2 This weapon's minimum
   attack delay (0.6) is reached at skill level 12.
   Will+:     It increases your willpower.
   rCorr:     It protects you from acid and corrosion.
   Conj:      It increases the power of your Conjurations spells.
   Earth:     It increases the power of your Earth spells.
   It falls into the 'Staves' category.
   It is a one-handed weapon.
Jewellery
 i - a ring of resist corrosion (left hand)
 r - the amulet "Popniog" (around neck) {RegenMP rPois rF+ rN+ Will+}
   (You found it on level 5 of the Lair of Beasts)

   [amulet of magic regeneration]

   RegenMP:   It increases your rate of magic regeneration.
   rF+:       It protects you from fire.
   rPois:     It protects you from poison rN+: It protects you from negative
   energy.
   Will+:     It increases your willpower.
 A - a ring of the Octopus King {rN+ HP+2 AC+2 EV+2 SH+2}
   (You took it off a deep elf archer on level 3 of the Elven Halls)

   [ring of positive energy]

   AC+2:      It affects your AC (+2).
   EV+2:      It affects your evasion (+2).
   rN+:       It protects you from negative energy.
   HP+2:      It affects your health (+2).
   SH+2:      It affects your SH (+2).
 F - the ring "Hafrij" {rElec Will+ AC+4 Str-3 Dex+2}
   (You took it off a deep elf elementalist on level 3 of the Elven Halls)

   [ring of protection]

   AC+4:      It affects your AC (+4).
   Str-3:     It affects your strength (-3).
   Dex+2:     It affects your dexterity (+2).
   rElec:     It insulates you from electricity.
   Will+:     It increases your willpower.
 R - a ring of magical power
 Z - a +6 ring of strength (right hand)
Wands
 n - a wand of acid (10)
 u - a wand of iceblast (32)
 B - a wand of digging (21)
 G - a wand of polymorph (25)
 O - a wand of flame (101)
 X - a wand of charming (25)
Scrolls
 c - 6 scrolls of blinking
 g - 8 scrolls of fog
 k - 9 scrolls of immolation
 l - 8 scrolls of fear
 m - 12 scrolls of revelation
 y - 3 scrolls of poison
 H - 15 scrolls of teleportation
 V - 4 scrolls of vulnerability
Potions
 b - 6 potions of magic
 f - 3 potions of resistance
 q - 6 potions of invisibility
 s - 12 potions of brilliance
 t - 29 potions of curing
 v - 8 potions of ambrosia
 z - 12 potions of might
 D - 7 potions of enlightenment
 E - 5 potions of berserk rage
 J - 12 potions of mutation
 M - 2 potions of cancellation
 P - 2 potions of heal wounds
 Q - 9 potions of haste
Miscellaneous
 e - a phantom mirror (inert)
 C - a phial of floods (inert)
 K - a lightning rod (4/4)
 L - a condenser vane
 T - a sack of spiders (inert)


   Skills:
 + Level 19.4 Fighting
 - Level 1.6(9.1) Maces & Flails
 - Level 5.4(10.0) Polearms
 - Level 13.9(14.4) Staves
 - Level 3.0 Throwing
 + Level 21.7 Armour
 - Level 3.0 Dodging
 - Level 5.0 Stealth
 + Level 9.2 Shields
 + Level 15.7 Spellcasting
 - Level 9.9 Conjurations
 - Level 8.0 Hexes
 + Level 12.9 Translocations
 - Level 5.0 Fire Magic
 - Level 8.0 Air Magic
 - Level 14.6 Alchemy
 + Level 7.8 Invocations
 - Level 2.0 Evocations


You had 4 spell levels left.
You knew the following spells:

 Your Spells              Type           Power      Damage    Failure   Level
a - Sting                 Conj/Alch      100%       1d9       1%          1
b - Olgreb's Toxic Radia  Alch           87%        N/A       1%          4
c - Blink                 Tloc           100%       N/A       1%          2
d - Ignite Poison         Fire/Alch      73%        N/A       1%          4
e - Sticky Flame          Fire/Alch      73%        2d12      1%          4
f - Irradiate             Conj/Alch      40%        3d25      1%          5
g - Scorch                Fire           100%       2d9       1%          2
h - Yara's Violent Unrav  Hex/Alch       39%        3d16      1%          5
i - Vhi's Electric Charg  Tloc/Air       100%       N/A       1%          4
j - Alistair's Intoxicat  Alch           58%        N/A       1%          5
k - Passage of Golubria   Tloc           83%        N/A       1%          4
l - Iskenderun's Mystic   Conj/Tloc      78%        2d16      1%          4
m - Dispersal             Tloc           41%        N/A       4%          6

Your spell library contained the following spells:

 Spells                   Type           Power      Damage    Failure   Level
 Apportation              Tloc           100%       N/A       1%          1
 Foxfire                  Conj/Fire      100%       2x1d9     1%          1
 Magic Dart               Conj           100%       1d8       1%          1
 Cigotuvi's Dreadful Rot  Necr/Alch/Air  100%       N/A       1%          2
 Ensorcelled Hibernation  Hex/Ice        100%       N/A       1%          2
 Jinxbite                 Hex            100%       N/A       1%          2
 Lesser Beckoning         Tloc           100%       N/A       1%          2
 Mercury Vapours          Alch/Air       100%       N/A       1%          2
 Momentum Strike          Conj/Tloc      100%       3d10      1%          2
 Static Discharge         Conj/Air       100%       3-8/arc   1%          2
 Dazzling Flash           Conj/Hex       100%       N/A       1%          3
 Gell's Gravitas          Tloc           83%        N/A       1%          3
 Mephitic Cloud           Conj/Alch/Air  76%        N/A       1%          3
 Teleport Other           Tloc           83%        N/A       1%          3
 Tukima's Dance           Hex            66%        N/A       1%          3
 Volatile Blastmotes      Fire/Tloc      100%       2d18      1%          3
 Dimensional Bullseye     Hex/Tloc       37%        N/A       1%          4
 Fulminant Prism          Conj/Alch      40%        3d19      1%          4
 Manifold Assault         Tloc           83%        N/A       1%          4
 Hailstorm                Conj/Ice       54%        3d11      2%          3
 Stone Arrow              Conj/Erth      100%       3d13      2%          3
 Airstrike                Air            33%        2d(5-21)  2%          4
 Cause Fear               Hex            33%        N/A       2%          4
 Flame Wave               Conj/Fire      64%        2d15      2%          4
 Leda's Liquefaction      Alch/Erth      32%        N/A       2%          4
 Petrify                  Alch/Erth      64%        N/A       2%          4
 Freeze                   Ice            100%       1d10      6%          1
 Sandblast                Erth           50%        2d12      6%          1
 Brom's Barrelling Bould  Conj/Erth      54%        2d7       8%          4
 Call Imp                 Summ           50%        N/A       9%          2
 Sublimation of Blood     Necr           25%        N/A       9%          2
 Anguish                  Hex/Necr       25%        N/A       11%         4
 Summon Lightning Spire   Summ/Air       50%        N/A       11%         4
 Frozen Ramparts          Ice            50%        1d8       17%         3
 Fugue of the Fallen      Necr           25%        N/A       17%         3
 Ozocubu's Armour         Ice            25%        N/A       17%         3
 Summon Ice Beast         Ice/Summ       25%        N/A       17%         3
 Animate Armour           Summ/Erth      50%        N/A       50%         4
 Animate Dead             Necr           25%        N/A       50%         4
 Silence                  Hex/Air        33%        N/A       6%          5
 Fireball                 Conj/Fire      32%        3d14      8%          5
 Freezing Cloud           Conj/Ice/Air   29%        6-21      14%         5
 Metabolic Englaciation   Hex/Ice        25%        N/A       30%         5
 Summon Mana Viper        Hex/Summ       50%        N/A       30%         5
 Starburst                Conj/Fire      32%        6d10      38%         6
 Sculpt Simulacrum        Ice/Alch       32%        N/A       41%         6
 Plasma Beam              Fire/Air       30%        2x1d43    52%         6
 Bombard                  Conj/Erth      27%        9d5       75%         6
 Lee's Rapid Deconstruct  Erth           12%        3d9*      85%         5
 Enfeeble                 Hex            33%        N/A       88%         7
 Malign Gateway           Summ/Tloc      30%        N/A       98%         7
 Summon Cactus Giant      Summ           12%        N/A       100%        6
 Haunt                    Necr/Summ      12%        N/A       100%        7
 Monstrous Menagerie      Summ           12%        N/A       100%        7
 Ozocubu's Refrigeration  Ice            12%        4d10      100%        7
 Summon Hydra             Summ           12%        N/A       100%        7
 Ignition                 Fire           27%        3d9       100%        8
 Infestation              Necr           12%        N/A       100%        8
 Lehudib's Crystal Spear  Conj/Erth      27%        10d7      100%        8
 Maxwell's Capacitive Co  Air            33%        ∞         100%        8
 Chain Lightning          Conj/Air       35%        3d46      100%        9
 Polar Vortex             Ice            12%        12d1*     100%        9


Dungeon Overview and Level Annotations

Branches:
Dungeon (15/15)            Temple (1/1) D:4            Lair (5/5) D:8
  Swamp (4/4) Lair:3       Spider (4/4) Lair:3        Slime (5/5) Lair:4
    Orc (2/2) D:9             Elf (3/3) Orc:2        Vaults (5/5) D:13
  Crypt (0/3) Vaults:2     Depths (4/4) D:15            Zot (5/5) Depths:4
 Bailey (visited)           IceCv (visited)         Volcano (visited)

Altars:
Ashenzari
Cheibriados
Dithmenos
Elyvilon
Fedhas
Gozag
Hepliaklqana
Kikubaaqudgha
Makhleb
Nemelex Xobeh
Okawaru
Qazlal
Ru
Sif Muna
Trog
Uskayaw
Vehumet
Wu Jian
Xom
Yredelemnul
Zin
The Shining One
Jiyva

Shops:
D:4 !*   D:14 [=!   Orc:1 (   Orc:2 [!([   Elf:1 ::   Elf:3 !   Vaults:2 *

Portals:
Hell: Depths:1 Depths:2 Depths:3* Depths:4
Abyss: Depths:3
Pandemonium: Depths:2
Ziggurat: Depths:1

Annotations:
Spider:3 Mara
Elf:2 3 runed translucent doors


Innate Abilities, Weirdness & Mutations

Your life essence is reduced to manifest your ancestor. (-10% HP)
Armour fits poorly on your strangely shaped body.
You have extremely tough skin. (AC +3)
You have a long armoured tail.
You regenerate magic and health when rolling toward enemies. (Rampage Regen)
Your tail ends in a venomous barb.
You are partially covered in large bone plates. (SH +4)
You are clumsy. (Dex -2)
You are frail. (-10% HP)
You are occasionally teleported next to monsters.


Message History

As you read the scroll of blinking, it crumbles to dust.
The tormentor roars!
The tormentor calls on the powers of darkness!
Your body is wracked with pain!
* * * LOW HITPOINT WARNING * * *
A death cob comes into view.
Okay, then.
Okay, then.
Okay, then.
Casting: Irradiate (mildly dangerous; 1% risk of failure)
Confirm with . or Enter, or press ? or * to list all spells.
Charge where?
Press: ? - help, Dir - move target, f - tormentor
Aim: a tormentor (82% to hit)
You charge forward with an electric crackle!
A purple draconian and 2 white draconian stormcallers come into view.
A white draconian stormcaller is wielding a +0 long sword of electrocution.
You sock the tormentor and electrocute it!
The tormentor is heavily wounded.
* * * LOW HITPOINT WARNING * * *
The tormentor calls on the powers of darkness!
Your body is wracked with pain!
* * * LOW HITPOINT WARNING * * *
The white draconian stormcaller convulses!
The purple draconian convulses!
The white draconian stormcaller convulses!
The white draconian stormcaller invokes the aid of Qazlal against you.
Qazlal smites you!
* * * LOW HITPOINT WARNING * * *
The white draconian stormcaller mumbles some strange prayers to Qazlal against you.
Qazlal smites you!
* * * LOW HITPOINT WARNING * * *
You block the death cob's attack.
You feel much better. The death cob hits you!
* * * LOW HITPOINT WARNING * * *
You block the death cob's attack. x2
The death cob hits you but does no damage.
The white draconian stormcaller mumbles some strange prayers to Qazlal against you.
Qazlal smites you!
You die...

##..1##....#
#..§..#
....#
#..†D.# ....
#...R.# ...
##...#### ..
####§..# .
##..§####
#..z..#
#.@...#
#z....#
#2#...##
#.##### . dq
.. ..#


You could see a purple draconian, 2 death cobs, a white draconian stormcaller
and a tormentor.

Vanquished Creatures
  the Royal Jelly (Slime:5)
  A dread lich (Zot:5)
  An orb of fire (Zot:5)
  2 juggernauts
  2 Killer Klowns (Zot:5)
  4 golden dragons
  An electric golem (Zot:5)
  A Brimstone Fiend (Zot:5)
  18 Orb Guardians (Zot:5)
  A lich (Depths:4)
  Asterion (Vaults:1)
  3 deep elf master archers (Elf:3)
  6 tentacled monstrosities
  6 titans
  5 deep elf blademasters (Elf:3)
  5 quicksilver dragons
  16 acid blobs
  5 sphinxes
  A death cob (Zot:1)
  A thorn hunter (Swamp:4)
  6 storm dragons
  2 draconian monks (Zot:1)
  8 tengu reavers
  6 azure jellies (Slime:5)
  4 shadow dragons
  4 fire giants
  A fenstrider witch (Swamp:4)
  8 frost giants
  A protean progenitor (Zot:1)
  9 vault wardens
  An emperor scorpion (Spider:4)
  5 rockslimes
  A balrug (Depths:1)
  4 deep elf sorcerers (Elf:3)
  An iron dragon (Depths:3)
  Louise (D:14)
  5 ghost moths
  A spriggan defender (Depths:2)
  3 deep elf elementalists (Elf:3)
  A draconian annihilator (Zot:1)
  12 very ugly things
  5 formless jellyfish
  18 ironbound preservers
  An orc warlord (Orc:1)
  5 quicksilver oozes (Slime:5)
  9 ironbound thunderhulks
  16 stone giants
  2 eleionomae
  Nessos (Lair:3)
  A green draconian (Zot:1)
  7 broodmothers
  A vampire knight (Depths:4)
  5 dire elephants
  8 deep elf annihilators
  3 deep elf demonologists
  4 red draconians
  6 deep elf death magi
  A white draconian (Zot:1)
  5 purple draconians
  2 yellow draconians
  Snorg (Orc:1)
  2 bunyips
  12 spark wasps
  4 black draconians
  3 ettins
  The ghost of MisterFreud the Nimble, a journeyman DrSh of Hepliaklqana (D:15)
  6 deep elf high priests
  4 entropy weavers
  3 fire dragons
  11 ice dragons
  A shambling mangrove (Swamp:3)
  8 yaktaur captains
  5 great orbs of eyes
  24 vault guards
  A peacekeeper (Vaults:2)
  15 hydras
  2 rakshasas
  A jorogumo (Spider:2)
  10 ironbound frosthearts
  A sphinx zombie (Depths:1)
  4 spriggan air magi
  A spriggan skeleton (Depths:3)
  2 radroaches
  9 two-headed ogres
  5 boulder beetles
  4 ogre magi
  26 centaur warriors
  2 catoblepae (Lair:5)
  10 dancing weapons
  Erica (Orc:1)
  A two-headed ogre (shapeshifter) (Vaults:5)
  6 tengu warriors
  13 alligators
  2 death knights
  2 ghost crabs (Swamp:3)
  8 demonic crawlers
  6 deep troll shamans
  An orc high priest (Orc:2)
  3 spriggan berserkers
  8 death yaks
  6 deep troll earth magi
  4 hell knights (Depths:2)
  2 shock serpents (shapeshifter) (Vaults:5)
  10 spriggans
  A sun demon (Depths:1)
  5 deep elf knights
  6 iron trolls
  A fire crab (shapeshifter) (Depths:2)
  A skyshark (shapeshifter) (D:15)
  A shadow wraith (Vaults:5)
  5 goliath frogs
  A storm dragon skeleton (Depths:3)
  5 pharaoh ants
  13 orb spiders
  A salamander mystic (Volcano)
  11 swamp dragons
  2 flayed ghosts (Depths:2)
  67 deep trolls
  2 spriggan druids
  8 glowing orange brains
  17 skeletal warriors
  A golden dragon zombie (Depths:1)
  2 bog bodies (Swamp:1)
  10 deep elf archers
  11 ironbound convokers
  5 steelbarb worms
  5 arcanists
  21 deep elf pyromancers
  4 sun moths
  3 phantasmal warriors
  A large abomination (Depths:3)
  8 lindwurms
  16 deep elf zephyrmancers
  7 necromancers
  16 wolf spiders
  5 manticores
  25 ugly things
  2 orc sorcerers
  3 salamanders (Volcano)
  7 cyclopes
  4 shining eyes
  6 moths of wrath
  3 black mambas
  15 vault sentinels
  An ice statue (IceCv)
  8 meliai
  2 molten gargoyles (Volcano)
  2 gargoyles
  13 elephants
  A kobold blastminer (Orc:1)
  4 torpor snails
  An unseen horror (Depths:3)
  Maggie (D:6)
  12 cane toads
  10 rime drakes
  3 freezing wraiths
  An efreet (D:14)
  25 yaktaurs
  2 spark wasp simulacra
  A spriggan zombie (Depths:1)
  10 komodo dragons
  9 tengu conjurers
  2 trolls
  6 polar bears
  A bloated husk (Swamp:3)
  3 tyrant leeches
  15 blink frogs
  3 glass eyes
  Prince Ribbit (Bailey)
  21 tarantellas
  17 hornets
  3 dream sheep (Lair:4)
  A fire giant simulacrum (Depths:1)
  A centaur simulacrum (D:15)
  27 jumping spiders
  Sigmund (D:5)
  35 slime creatures
  21 culicivoras
  4 shadows
  An air elemental (Elf:3)
  37 yaks
  2 water elementals
  4 wraiths
  5 fire bats (Volcano)
  A vampire (D:13)
  4 humans (Bailey)
  3 wyverns
  3 basilisks
  Eustachio (D:5)
  2 golden eyes (Slime:5)
  A warg (Orc:1)
  2 steam dragons (D:6)
  2 fire elementals
  A human (shapeshifter) (D:15)
  19 vampire mosquitoes
  29 redbacks
  A swamp worm (shapeshifter) (Vaults:5)
  4 chaos spawn (Depths:3)
  14 water moccasins
  9 swamp worms
  4 hell hounds (Spider:1)
  6 swamp drakes
  7 black bears
  2 laughing skulls (D:15)
  14 orc warriors
  26 ogres
  A boggart (D:15)
  13 wolves
  4 centaurs
  A phantom (D:5)
  3 kobold brigands
  A brain worm (shapeshifter) (Elf:1)
  15 bullfrogs
  An earth elemental (Elf:3)
  A gnoll sergeant (D:5)
  4 scorpions
  3 wights (D:8)
  3 hexers
  2 killer bees (D:9)
  3 howler monkeys (D:10)
  2 electric eels
  3 lava snakes (Volcano)
  3 bombardier beetles (D:5)
  8 orc priests
  2 hounds
  A jelly (D:5)
  Crazy Yiuf (D:5)
  A sleepcap (D:4)
  3 iguanas
  27 orc wizards
  Terence (D:3)
  6 hell rats (Lair:5)
  9 adders
  9 gnolls
  A shadow imp (D:6)
  2 white imps (D:7)
  The ghost of PanSaczeczos the Sneak, a weakling FoDe (D:5)
  2 dart slugs
  3 ribbon worms
  70 orcs
  9 endoplasms
  2 giant cockroaches
  12 goblins
  9 hobgoblins
  4 quokkas
  10 ball pythons
  4 bats
  2 frilled lizards
  15 kobolds
  6 rats
  An aspiring flesh (Zot:1)
  A butterfly (Lair:2)
1600 creatures vanquished.

Vanquished Creatures (collateral kills)
  A dread lich (Zot:5)
  An ancient lich (Zot:5)
  Sojobo (Depths:3)
  Boris (Vaults:3)
  A curse toe (Zot:4)
  A Killer Klown (Zot:5)
  4 golden dragons
  An electric golem (Zot:5)
  3 Orb Guardians (Zot:5)
  2 tentacled monstrosities
  2 liches
  A quicksilver dragon (Zot:1)
  An acid blob (Slime:5)
  3 sphinxes
  A death cob (Zot:5)
  2 shadow dragons
  A tengu reaver (Depths:3)
  A protean progenitor (Zot:1)
  An azure jelly (Slime:5)
  A rockslime (Slime:5)
  A draconian knight (Depths:4)
  A draconian monk (Zot:1)
  An emperor scorpion (Spider:4)
  A fire giant (Depths:3)
  3 vault wardens
  A ghost moth (Spider:4)
  3 draconian shifters (Zot:1)
  A deep elf sorcerer (Elf:3)
  2 deep elf elementalists (Elf:3)
  6 ironbound preservers
  3 green draconians
  A broodmother (Spider:2)
  A stone giant (Depths:1)
  2 formless jellyfish
  2 eleionomae
  A red draconian (Zot:1)
  2 purple draconians
  2 war gargoyles (Vaults:5)
  3 deep elf death magi
  A white draconian (Depths:4)
  An ettin (Vaults:5)
  Azrael (Spider:1)
  An entropy weaver (Vaults:4)
  2 fire dragons
  A shambling mangrove (Swamp:4)
  2 deep elf high priests
  2 yaktaur captains (Vaults:4)
  A caustic shrike simulacrum (Depths:1)
  3 great orbs of eyes
  5 vault guards
  A catoblepas (Lair:5)
  A rakshasa (D:15)
  An alligator (Swamp:1)
  A sphinx zombie (Depths:3)
  An ogre mage (Vaults:5)
  8 hydras
  2 ice dragons (Zot:1)
  2 centaur warriors
  4 boulder beetles
  6 two-headed ogres (Orc:2)
  4 death yaks
  3 ironbound frosthearts
  A radroach (Spider:4)
  A tengu warrior (Depths:4)
  A sphinx skeleton (Depths:1)
  3 dancing weapons
  2 deep troll earth magi
  2 deep troll shamans
  A vampire mage (Depths:4)
  3 hell knights
  A spriggan berserker (Depths:3)
  A skyshark (Lair:3)
  A deep elf knight (Elf:3)
  4 skeletal warriors
  A goliath frog (Swamp:3)
  A sun demon (Depths:1)
  2 iron trolls (Depths:4)
  A flayed ghost (Depths:2)
  3 swamp dragons (Swamp:4)
  5 deep trolls
  A lindwurm (Vaults:1)
  A bog body (Swamp:3)
  A deep elf archer (Elf:1)
  A deep elf zephyrmancer (Elf:2)
  A necromancer (Depths:2)
  A deep elf pyromancer (Elf:2)
  2 ugly things
  A steelbarb worm (Spider:3)
  A manticore (D:15)
  3 wolf spiders (Spider:4)
  A cyclops (D:15)
  A shining eye (Slime:5)
  A will-o-the-wisp (Swamp:3)
  A salamander (Volcano)
  5 elephants
  A meliai (Spider:4)
  5 moths of wrath
  A black mamba (Lair:5)
  A torpor snail (Spider:4)
  A vault sentinel (Vaults:5)
  3 cane toads
  3 unseen horrors (Depths:3)
  3 large abominations (Depths:3)
  2 rime drakes
  2 yaktaurs
  3 komodo dragons
  A spriggan skeleton (Depths:1)
  A bloated husk (Swamp:4)
  2 polar bears
  6 tarantellas
  8 blink frogs
  A dream sheep (Lair:4)
  3 air elementals
  3 jumping spiders
  20 slime creatures
  2 culicivoras
  A spriggan (Swamp:4)
  3 water elementals
  A basilisk (Lair:2)
  A fire elemental (Elf:2)
  7 yaks
  A human (Bailey)
  2 wargs
  8 redbacks
  2 vampire mosquitoes (D:14)
  9 water moccasins
  A swamp worm (Swamp:3)
  The ghost of Flugslaktarn the Apothecary, an amateur OpAl (D:5)
  2 acid dragons
  2 orc warriors (Orc:2)
  6 swamp drakes (Swamp:4)
  8 ogres (Orc:2)
  2 wolves (IceCv)
  3 small abominations (Depths:3)
  An earth elemental (Elf:1)
  6 bullfrogs
  A killer bee (D:9)
  A lava snake (Volcano)
  An orc priest (D:7)
  A sleepcap (D:5)
  A gnoll bouda (D:8)
  An orc wizard (Orc:1)
  A gnoll (D:8)
  A white imp (D:7)
  6 orcs
  A hobgoblin (Bailey)
  A kobold (D:8)
  An aspiring flesh (Zot:1)
333 creatures vanquished.

Vanquished Creatures (others)
  A goliath frog (Swamp:3)
  A bloated husk (Swamp:2)
  A small abomination (Depths:3)
  A hell hound (Spider:1)
  A wolf (IceCv)
  62 hexers
  2 ancestors (D:6)
  A quokka (Depths:1)
  2 foxfires (Swamp:3)
72 creatures vanquished.

Grand Total: 2005 creatures vanquished

Notes
Turn   | Place    | Note
-------+----------+-------------------------------------------
     0 | D:1      | jt the Armataur Alchemist began the quest for the Orb.
     0 | D:1      | Reached XP level 1. HP: 14/14 MP: 3/3
   534 | D:1      | Reached XP level 2. HP: 18/20 MP: 0/4
  1271 | D:2      | Reached XP level 3. HP: 26/26 MP: 5/5
  1389 | D:2      | Reached skill level 1 in Armour
  1548 | D:2      | Reached skill level 1 in Maces & Flails
  1589 | D:2      | Found a shadowy altar of Dithmenos.
  1773 | D:3      | Found a hazy altar of Hepliaklqana.
  1937 | D:3      | Reached skill level 2 in Armour
  1937 | D:3      | Reached XP level 4. HP: 32/33 MP: 3/6
  2051 | D:3      | Identified a scroll of acquirement
  2062 | D:3      | Noticed Terence
  2068 | D:3      | Killed Terence
  2083 | D:3      | Acquired a +1 lajatang of electrocution
  2169 | D:3      | Found an ornate altar of the Wu Jian Council.
  2326 | D:3      | Found a burning altar of Makhleb.
  2328 | D:3      | Found a shimmering altar of Xom.
  2333 | D:3      | Found a white marble altar of Elyvilon.
  2378 | D:3      | Became a worshipper of Hepliaklqana the Forgotten
  2506 | D:4      | Reached skill level 1 in Fighting
  2602 | D:4      | HP: 1/35 [orc/+3 flail (8)]
  2802 | D:4      | Found Lep Uhei's Lightly-Used Armoury.
  2814 | D:4      | Reached XP level 5. HP: 40/40 MP: 7/7
  2882 | D:4      | Reached skill level 1 in Staves
  2882 | D:4      | Reached skill level 3 in Armour
  3037 | D:4      | Found a staircase to the Ecumenical Temple.
  3046 | Temple   | Entered the Ecumenical Temple
  3067 | D:4      | Reached XP level 6. HP: 37/48 MP: 8/8
  3076 | D:4      | Found Votzid's Distillery.
  3092 | D:4      | Reached skill level 4 in Armour
  3118 | D:4      | Bought a potion of might for 52 gold pieces
  3469 | D:5      | Entered Level 5 of the Dungeon
  3660 | D:5      | Reached * piety under Hepliaklqana
  3666 | D:5      | Noticed Eustachio
  3686 | D:5      | Killed Eustachio
  3687 | D:5      | Reached skill level 5 in Armour
  3687 | D:5      | Reached skill level 1 in Evocations
  3687 | D:5      | Gained mutation: You regenerate magic and health when
                  | rolling toward enemies. (Rampage Regen) [Armataur growth]
  3687 | D:5      | Reached XP level 7. HP: 5/49 MP: 6/9
  3969 | D:5      | Noticed Sigmund
  3983 | D:5      | Killed Sigmund
  3984 | D:5      | Reached skill level 6 in Armour
  3998 | D:5      | Reached XP level 8. HP: 54/63 MP: 10/10
  4223 | D:5      | Found a runed translucent door.
  4224 | D:5      | Noticed Crazy Yiuf
  4233 | D:5      | Killed Crazy Yiuf
  4345 | D:5      | Found a runed translucent gate.
  4346 | D:5      | Found a runed translucent gate.
  4346 | D:5      | Found a runed translucent gate.
  4347 | D:5      | Noticed PanSaczeczos's ghost (weakling FoDe)
  4347 | D:5      | Noticed Flugslaktarn's ghost (amateur OpAl)
  4409 | D:6      | Reached skill level 7 in Armour
  4480 | D:6      | Found a basalt altar of Yredelemnul.
  4485 | D:6      | Reached skill level 5 in Staves
  5021 | D:6      | Reached skill level 8 in Armour
  5021 | D:6      | Reached XP level 9. HP: 55/65 MP: 4/11
  5082 | D:6      | Noticed Maggie
  5089 | D:6      | Killed Maggie
  5090 | D:6      | Reached skill level 5 in Fighting
  5194 | D:6      | Found a bloodstained altar of Trog.
  5747 | D:7      | You fall into a shaft and drop 1 floor!
  5896 | D:8      | Reached ** piety under Hepliaklqana
  5897 | D:8      | Remembered your ancestor Akhenaten as a hexer
  5903 | D:8      | Found a snail-covered altar of Cheibriados.
  5988 | D:8      | Found a staircase to the Lair.
  6043 | D:8      | Found a radiant altar of Vehumet.
  6101 | D:8      | Found a flagged portal.
  6121 | Bailey   | Entered a bailey
  6132 | Bailey   | Reached skill level 9 in Armour
  6202 | Bailey   | Reached skill level 5 in Alchemy
  6281 | Bailey   | Reached XP level 10. HP: 61/74 MP: 13/13
  6354 | Bailey   | Noticed a vault guard
  6373 | Bailey   | Killed a vault guard
  6436 | Bailey   | Noticed a vault guard
  6442 | Bailey   | Noticed Prince Ribbit
  6446 | Bailey   | Killed a vault guard
  6456 | Bailey   | Killed Prince Ribbit
  6597 | Bailey   | Reached skill level 10 in Armour
  6826 | D:8      | Identified the +3 flail "Sassural" {spect, rN++ Stlth-}
  7600 | D:8      | Found an opulent altar of Gozag.
  7816 | Lair:1   | Entered Level 1 of the Lair of Beasts
  7827 | Lair:1   | Noticed a cane toad
  7831 | Lair:1   | Killed a cane toad
  7869 | Lair:1   | Noticed a cane toad
  7869 | Lair:1   | Noticed a cane toad
  7874 | Lair:1   | Killed a cane toad
  7880 | Lair:1   | Killed a cane toad
  7937 | Lair:1   | Noticed a cane toad
  7950 | Lair:1   | Killed a cane toad
  8222 | Lair:1   | Reached XP level 11. HP: 65/82 MP: 17/17
  8513 | Lair:1   | Learned a level 4 spell: Olgreb's Toxic Radiance
  8516 | Lair:1   | Learned a level 2 spell: Blink
  8669 | Lair:1   | Reached *** piety under Hepliaklqana
  9177 | Lair:1   | Reached skill level 5 in Stealth
  9782 | Lair:2   | HP: 4/85 [poisoned by a cane toad]
 10126 | Lair:2   | Reached XP level 12. HP: 65/93 MP: 18/18
 10348 | Lair:2   | Identified the +1 rapier "Poufy" {flame, rC++ Str-5}
 10597 | Lair:2   | Reached skill level 10 in Staves
 11083 | Lair:3   | Reached skill level 10 in Fighting
 11638 | Lair:3   | Identified the orb of Jereder {*Rage, Harm rPois Dex-5}
 11684 | Lair:3   | Reached **** piety under Hepliaklqana
 11732 | Lair:3   | Found a staircase to the Swamp.
 11746 | Lair:3   | Noticed Nessos
 11753 | Lair:3   | Killed Nessos
 12219 | Lair:3   | Found a hole to the Spider Nest.
 12375 | Lair:3   | Reached skill level 10 in Alchemy
 12476 | Lair:4   | Reached skill level 1 in Invocations
 12489 | Lair:3   | Reached XP level 13. HP: 36/102 MP: 13/19
 13054 | Lair:4   | Reached skill level 5 in Invocations
 13727 | Lair:4   | Found a viscous altar of Jiyva.
 13727 | Lair:4   | Found a staircase to the Slime Pits.
 14064 | Lair:5   | Entered Level 5 of the Lair of Beasts
 14067 | Lair:5   | Identified the amulet "Popniog" {RegenMP rPois rF+ rN+
                  | Will+}
 15511 | Lair:5   | Identified the +0 pair of boots "Bunaq" {Int+3}
 15665 | Spider:1 | Entered Level 1 of the Spider Nest
 15672 | Spider:1 | Reached XP level 14. HP: 80/109 MP: 6/20
 16022 | D:9      | Reached ***** piety under Hepliaklqana
 16046 | D:9      | Learned a level 4 spell: Ignite Poison
 16072 | D:9      | Found a staircase to the Orcish Mines.
 16369 | D:9      | Found a sacrificial altar of Ru.
 16540 | D:10     | Entered Level 10 of the Dungeon
 16664 | D:10     | Reached skill level 1 in Fire Magic
 16946 | D:10     | Acquired 1227 gold pieces
 17093 | D:11     | Identified the +5 long sword "Jufyr" {heavy, rPois rC+}
 17345 | D:11     | Learned a level 4 spell: Sticky Flame
 17432 | D:11     | Reached skill level 5 in Spellcasting
 18900 | D:12     | Reached skill level 11 in Armour
 19140 | D:13     | Found a frozen archway.
 19448 | IceCv    | Entered an ice cave
 19815 | IceCv    | Noticed a frost giant
 19825 | IceCv    | Killed a frost giant
 20009 | IceCv    | Got Koroep's Vellum of the Glacier
 20169 | D:13     | Reached skill level 12 in Armour
 20169 | D:13     | Reached XP level 15. HP: 76/118 MP: 24/24
 20539 | D:13     | Reached skill level 5 in Fire Magic
 21466 | D:13     | Reached skill level 1 in Translocations
 21479 | D:13     | Identified the +3 hand cannon "Geiny" {drain, Dex+6}
 21481 | D:13     | Found a gate to the Vaults.
 21519 | D:14     | Found Booneomoa's Armour Boutique.
 21522 | D:14     | Found Zavaphet's Jewellery Emporium.
 21844 | D:14     | Noticed Louise
 21854 | D:14     | Killed Louise
 21873 | D:14     | Reached skill level 5 in Translocations
 21946 | D:14     | Reached ****** piety under Hepliaklqana
 22255 | D:14     | Found Qaovu's Distillery.
 22263 | D:14     | Bought a potion of curing for 30 gold pieces
 22263 | D:14     | Bought 2 potions of heal wounds for 100 gold pieces
 22699 | D:15     | Entered Level 15 of the Dungeon
 23062 | D:15     | Identified the amulet "Didy" {Acrobat rElec}
 23529 | D:15     | Found a runed translucent door.
 23532 | D:15     | Identified the +11 trident "Risech" {drain, rElec Int+2
                  | SInv}
 23533 | D:15     | Noticed MisterFreud's ghost (journeyman DrSh)
 23578 | D:15     | Found a staircase to the Depths.
 23585 | D:15     | Reached skill level 13 in Armour
 23734 | D:15     | Reached XP level 16. HP: 99/126 MP: 20/27
 23746 | D:15     | Killed MisterFreud's ghost
 25161 | Spider:1 | Noticed Azrael
 25178 | Spider:1 | Killed Azrael
 25856 | Spider:2 | Learned a level 5 spell: Irradiate
 25889 | Spider:2 | Reached skill level 1 in Conjurations
 25896 | Spider:2 | Reached skill level 14 in Armour
 26908 | Spider:3 | Noticed Mara
 27308 | Spider:4 | Entered Level 4 of the Spider Nest
 27394 | Spider:3 | Noticed jt's illusion
 27955 | Spider:4 | Reached XP level 17. HP: 131/135 MP: 18/30
 29333 | Spider:4 | Reached skill level 5 in Conjurations
 29405 | Spider:4 | Got a gossamer rune of Zot
 30288 | D:5      | Killed Flugslaktarn's ghost
 30290 | D:5      | Killed PanSaczeczos's ghost
 30491 | Orc:1    | Entered Level 1 of the Orcish Mines
 30498 | Orc:1    | Found Koud Juxt's Weapon Boutique.
 30642 | Orc:1    | Noticed Snorg
 30648 | Orc:1    | Killed Snorg
 30659 | Orc:1    | Found a dark tunnel.
 30671 | Volcano  | Entered a volcano
 30773 | Volcano  | Found a radiant altar of Vehumet.
 30833 | Volcano  | Reached skill level 1 in Throwing
 31428 | Orc:2    | Entered Level 2 of the Orcish Mines
 31499 | Orc:2    | Reached skill level 10 in Spellcasting
 31555 | Orc:2    | Found a staircase to the Elven Halls.
 31664 | Orc:2    | Found Sashej's Armour Shop.
 31664 | Orc:2    | Found Coschic's Weapon Emporium.
 31665 | Orc:2    | Found Hiteac's Distillery.
 31665 | Orc:2    | Found Wucihoum's Antique Armour Boutique.
 32291 | Orc:1    | Noticed Erica
 32296 | Orc:1    | Killed Erica
 32436 | Orc:2    | Bought an encrusted plate armour for 644 gold pieces
 32436 | Orc:2    | Identified the +1 plate armour "Deuleirch" {^Contam Rampage
                  | rN+ Dex+4} (You bought it in a shop on level 2 of the
                  | Orcish Mines)
 32439 | Orc:2    | Bought an ancient chain mail for 218 gold pieces
 32439 | Orc:2    | Identified the +2 chain mail "Begrub" {Int+2 Dex+4} (You
                  | bought it in a shop on level 2 of the Orcish Mines)
 32444 | Orc:2    | Bought a potion of heal wounds for 75 gold pieces
 32590 | Vaults:1 | Entered Level 1 of the Vaults
 32696 | Vaults:1 | Noticed Asterion
 32709 | Vaults:1 | Killed Asterion
 33002 | Vaults:1 | Reached XP level 18. HP: 115/144 MP: 26/32
 33261 | Vaults:1 | Paralysed by a formless jellyfish for 1 turns
 34676 | Vaults:1 | Paralysed by a formless jellyfish for 1 turns
 35100 | Vaults:1 | Reached skill level 15 in Fighting
 35617 | Swamp:1  | Entered Level 1 of the Swamp
 35669 | Swamp:1  | Identified the +6 rapier "Ifufiloq" {freeze, rF+ Int+2
                  | Dex+3}
 36737 | Swamp:2  | Learned a level 2 spell: Scorch
 37125 | Swamp:3  | Identified the +7 rapier "Ceduexir" {distort, Will+ Int+2
                  | Dex+3}
 37258 | Swamp:4  | Entered Level 4 of the Swamp
 37813 | Swamp:3  | Reached XP level 19. HP: 104/153 MP: 27/34
 38592 | Swamp:4  | Got a decaying rune of Zot
 39713 | Vaults:2 | Reached skill level 15 in Armour
 40151 | Vaults:2 | Found a staircase to the Crypt.
 40151 | Vaults:2 | Found a basalt altar of Yredelemnul.
 40152 | Vaults:2 | Found an ancient bone altar of Kikubaaqudgha.
 40728 | Vaults:2 | Found Wewnerch's General Store.
 40736 | Vaults:2 | Bought a scroll of blinking for 165 gold pieces
 41120 | Vaults:2 | Learned a level 5 spell: Yara's Violent Unravelling
 41232 | Vaults:2 | Reached skill level 1 in Hexes
 41461 | Elf:1    | Entered Level 1 of the Elven Halls
 41869 | Elf:1    | Got the Vellum of Bolts
 41893 | Elf:1    | Paralysed by an air elemental for 1 turns
 41897 | Elf:1    | Paralysed by an air elemental for 1 turns
 42045 | Elf:1    | Found Uhunychi's Book Shoppe.
 42059 | Elf:1    | Bought the Spellbook of Twisted Evil for 390 gold pieces
 42064 | Elf:1    | Learned a level 4 spell: Vhi's Electric Charge
 42204 | Elf:1    | Found Cuotemo's Self-Published Books.
 42624 | Elf:2    | Reached XP level 20. HP: 110/158 MP: 31/36
 42816 | Elf:1    | Found a shimmering blue altar of Sif Muna.
 42913 | Elf:2    | Reached skill level 5 in Hexes
 43158 | Elf:2    | Reached skill level 16 in Armour
 43234 | Elf:2    | Found a runed translucent gate.
 43234 | Elf:2    | Found a runed translucent gate.
 43234 | Elf:2    | Found a runed translucent gate.
 43368 | Elf:3    | Entered Level 3 of the Elven Halls
 43538 | Elf:3    | Found a huge runed translucent gate.
 43539 | Elf:3    | Found a huge runed translucent gate.
 43539 | Elf:3    | Found a huge runed translucent gate.
 43539 | Elf:3    | Found a huge runed translucent gate.
 43539 | Elf:3    | Found a huge runed translucent gate.
 43539 | Elf:3    | Found a huge runed translucent gate.
 43539 | Elf:3    | Identified the +2 double sword of the Crypt {freeze, rElec
                  | rC- Will- Dex+5}
 43540 | Elf:3    | Found a huge runed translucent gate.
 43541 | Elf:3    | Found a huge runed translucent gate.
 43585 | Elf:3    | Identified the +9 shortbow of the Burning Shark {freeze,
                  | rPois rF+++ Str+2 Int-2}
 44004 | Elf:3    | Paralysed by an air elemental for 1 turns
 44053 | Elf:3    | Identified the staff of the Inferno {rElec rN++ Will- Dex+3
                  | Conj}
 44053 | Elf:3    | Identified the ring "Adogreun" {rPois Str+4}
 44096 | Elf:3    | Identified the +3 sling "Zynacreg" {freeze, rC++}
 44096 | Elf:3    | Identified the +1 broad axe "Kutatoet" {heavy, ^Contam
                  | Dex+3 SInv}
 44096 | Elf:3    | Found the ring of the Octopus King {rN+ HP+2 AC+2 EV+2
                  | SH+2}
 44122 | Elf:3    | Identified the ring "Piad" {rN+ MP+9}
 44150 | Elf:3    | Identified the ring "Mizowiut" {rF+ Int-4 Dex+5}
 44180 | Elf:3    | Reached skill level 1 in Polearms
 44273 | Elf:3    | Paralysed by an air elemental for 1 turns
 44494 | Elf:3    | Paralysed by an air elemental for 1 turns
 44502 | Elf:3    | Paralysed by an air elemental for 1 turns
 44626 | Elf:3    | Paralysed by an air elemental for 1 turns
 44630 | Elf:3    | Paralysed by an air elemental for 1 turns
 44785 | Elf:3    | Found Xubus's Distillery.
 44793 | Elf:3    | Bought a potion of heal wounds for 65 gold pieces
 44878 | Elf:3    | Identified the ring "Hafrij" {rElec Will+ AC+4 Str-3 Dex+2}
 44917 | Elf:3    | Reached skill level 17 in Armour
 45344 | Elf:3    | Got the Parchment of the Displaced Geologist
 45375 | Elf:3    | Identified the staff of the Solstice {Int+5 Conj}
 45904 | Elf:3    | Learned a level 5 spell: Alistair's Intoxication
 46845 | Vaults:3 | Noticed Boris
 47364 | Vaults:4 | Found a runed translucent door.
 47729 | Vaults:4 | Reached XP level 21. HP: 166/170 MP: 31/37
 48167 | Vaults:4 | Reached skill level 5 in Polearms
 48753 | Vaults:5 | Entered Level 5 of the Vaults
 48759 | Vaults:5 | Reached skill level 18 in Armour
 48790 | Vaults:5 | Reached skill level 1 in Air Magic
 49479 | Vaults:5 | Found the +8 storm bow {elec, penet}
 49479 | Vaults:5 | Found the +8 Wrath of Trog {antimagic, *Rage Rampage}
 49486 | Vaults:5 | Got the Vellum of the Frozen Boggart
 49499 | Vaults:5 | Identified the +4 trident of Ughyoj {flame, rElec SInv}
 49637 | Vaults:5 | Noticed a golden dragon
 49645 | Vaults:5 | Killed a golden dragon
 49687 | Vaults:5 | Identified the +0 leather armour of the Eternal Void {-Tele
                  | Str+4}
 49701 | Vaults:5 | Got the Omnibus of the Mighty Tundra
 49729 | Vaults:5 | Identified the +7 plate armour of Mirth {Str+4}
 50146 | Vaults:5 | Got a silver rune of Zot
 50155 | Vaults:5 | Identified the +4 great sword of Oozing Pus {venom, rC-
                  | Str+6}
 50424 | Vaults:5 | Noticed a golden dragon
 50435 | Vaults:5 | Killed a golden dragon
 50562 | Vaults:5 | Reached skill level 19 in Armour
 50684 | Vaults:5 | Identified the +2 great sword of the Blue Skies {protect,
                  | +Blink}
 50825 | Vaults:4 | Reached XP level 22. HP: 84/171 MP: 16/39
 51313 | Vaults:5 | Identified the +7 sling of Guilt {heavy, rC+ Int+3 Stlth+}
 51376 | Vaults:5 | Noticed a golden dragon
 51388 | Vaults:5 | Killed a golden dragon
 51534 | Vaults:5 | Reached skill level 5 in Air Magic
 51542 | Vaults:5 | Noticed a golden dragon
 51549 | Vaults:5 | Killed a golden dragon
 51973 | Depths:1 | Entered Level 1 of the Depths
 51987 | Depths:1 | Found a one-way gateway to a ziggurat.
 52097 | Depths:1 | Found a glowing golden altar of the Shining One.
 52651 | Depths:1 | Acquired 723 gold pieces
 52853 | Orc:1    | Bought the +6 Majin-Bo {spellvamp, MP+6 Int+6} for 1000
                  | gold pieces
 52853 | Orc:1    | Found the +6 Majin-Bo {spellvamp, MP+6 Int+6}
 53026 | Slime:1  | Entered Level 1 of the Pits of Slime
 53169 | Slime:5  | Entered Level 5 of the Pits of Slime
 53356 | Slime:5  | Found a viscous altar of Jiyva.
 53357 | Slime:5  | Noticed the Royal Jelly
 53360 | Slime:5  | Gained mutation: Potions are less effective at restoring
                  | your health. [a shining eye]
 53385 | Slime:5  | Killed the Royal Jelly
 53739 | Slime:5  | Gained mutation: You are frail. (-10% HP) [a shining eye]
 53746 | Slime:5  | Gained mutation: Your health recovers twice as slowly from
                  | being drained. [a shining eye]
 53751 | Slime:5  | Gained mutation: You are clumsy. (Dex -2) [a shining eye]
 53755 | Slime:5  | Gained mutation: You occasionally lose the ability to read
                  | scrolls when taking damage. [a shining eye]
 53771 | Slime:5  | Lost mutation: You are frail. (-10% HP) [potion of
                  | mutation]
 53771 | Slime:5  | Lost mutation: Your health recovers twice as slowly from
                  | being drained. [potion of mutation]
 53771 | Slime:5  | Lost mutation: You occasionally lose the ability to read
                  | scrolls when taking damage. [potion of mutation]
 53771 | Slime:5  | Gained mutation: You are dopey. (Int -2) [potion of
                  | mutation]
 53772 | Slime:5  | Lost mutation: You are dopey. (Int -2) [potion of mutation]
 53772 | Slime:5  | Lost mutation: Potions are less effective at restoring your
                  | health. [potion of mutation]
 53772 | Slime:5  | Gained mutation: Your tail ends in a venomous barb. [potion
                  | of mutation]
 53772 | Slime:5  | Gained mutation: You are partially covered in large bone
                  | plates. (SH +4) [potion of mutation]
 53778 | Slime:5  | Identified the +11 orcbow "Uboy" {flame, rF+ rC+ Int+5}
 53809 | Slime:5  | Identified the +4 great sword of Gehenna {heavy, Dex+2
                  | SInv}
 53810 | Slime:5  | Identified the +5 morningstar of Fortitude {vamp, rPois
                  | Str-5 Int+7}
 53815 | Slime:5  | Identified the staff of Beyond {Will+ rCorr Conj Earth}
 54016 | Slime:5  | Identified the +6 halberd "Ituhatouja" {freeze, rElec rF+}
 54032 | Slime:5  | Got Toquepet's Omnibus of the Tomato
 54033 | Slime:5  | Identified the staff "Murmur" {Dex+5 Conj}
 54035 | Slime:5  | Identified the +8 long sword of Wydgh {protect, rC+}
 54119 | Slime:5  | Got a slimy rune of Zot
 55115 | Depths:1 | Found a gateway to Hell.
 55122 | Depths:1 | Reached skill level 20 in Armour
 55401 | Depths:1 | Found a white marble altar of Elyvilon.
 55706 | Depths:2 | Found a one-way gate leading to the halls of Pandemonium.
 55936 | Depths:2 | Noticed a golden dragon
 55953 | Depths:2 | Reached XP level 23. HP: 166/186 MP: 21/41
 56196 | Depths:2 | Noticed a juggernaut
 56205 | Depths:2 | Killed a juggernaut
 56685 | Depths:2 | Reached skill level 15 in Spellcasting
 57105 | Depths:3 | Found a one-way gate to the infinite horrors of the Abyss.
 57275 | Depths:3 | Reached skill level 1 in Shields
 57283 | Depths:3 | Noticed Sojobo
 57288 | Depths:3 | Paralysed by an air elemental for 1 turns
 57295 | Depths:3 | Paralysed by an air elemental for 1 turns
 57295 | Depths:3 | Killed Sojobo
 57451 | Depths:3 | Identified the +11 chain mail of Farfalle {rElec Str-5
                  | Dex+3}
 57478 | Depths:3 | Reached skill level 5 in Shields
 57618 | Depths:3 | Found a shimmering altar of Xom.
 57619 | Depths:3 | Found a shimmering altar of Xom.
 57625 | Depths:3 | Found a shimmering altar of Xom.
 57635 | Depths:3 | Identified the +7 chain mail "Mithroin" {Str+2 Dex+2}
 57732 | Depths:3 | Found a shimmering altar of Xom.
 57853 | Depths:4 | Entered Level 4 of the Depths
 58073 | Depths:4 | Noticed a juggernaut
 58084 | Depths:4 | Killed a juggernaut
 58433 | Depths:4 | Found a gate to the Realm of Zot.
 58439 | Zot:1    | Entered Level 1 of the Realm of Zot
 58455 | Zot:1    | Reached skill level 10 in Translocations
 58901 | Depths:4 | Reached XP level 24. HP: 198/198 MP: 42/42
 59263 | Zot:5    | Entered Level 5 of the Realm of Zot
 59383 | Zot:1    | Reached skill level 21 in Armour
 59705 | D:14     | Bought a potion of curing for 30 gold pieces
 59705 | D:14     | Bought a potion of curing for 30 gold pieces
 59705 | D:14     | Bought a potion of curing for 30 gold pieces
 59705 | D:14     | Bought a potion of curing for 30 gold pieces
 59941 | Elf:3    | Bought 2 potions of brilliance for 104 gold pieces
 59941 | Elf:3    | Bought a potion of heal wounds for 65 gold pieces
 59941 | Elf:3    | Bought a potion of curing for 39 gold pieces
 59941 | Elf:3    | Bought a potion of ambrosia for 104 gold pieces
 59941 | Elf:3    | Bought 2 potions of haste for 260 gold pieces
 59941 | Elf:3    | Bought a potion of magic for 104 gold pieces
 59941 | Elf:3    | Bought a potion of heal wounds for 65 gold pieces
 59941 | Elf:3    | Bought a potion of curing for 39 gold pieces
 59941 | Elf:3    | Bought a potion of cancellation for 104 gold pieces
 60335 | Vaults:5 | Learned a level 4 spell: Passage of Golubria
 60340 | Vaults:5 | Learned a level 4 spell: Iskenderun's Mystic Blast
 60347 | Vaults:5 | Learned a level 6 spell: Dispersal
 60421 | Vaults:3 | Paralysed by a formless jellyfish for 1 turns
 60427 | Vaults:3 | Paralysed by a formless jellyfish for 1 turns
 60815 | Vaults:3 | Killed Boris
 61296 | Zot:5    | Got a prismatic gem with 364 turns to spare
 61347 | Zot:5    | Noticed a dread lich
 61347 | Zot:5    | Noticed a Killer Klown
 61348 | Zot:5    | Noticed an orb of fire
 61348 | Zot:5    | Noticed a Killer Klown
 61350 | Zot:5    | Gained mutation: You are frail. (-10% HP) [an orb of fire]
 61351 | Zot:5    | Noticed a dread lich
 61360 | Zot:5    | Killed a dread lich
 61362 | Zot:5    | Noticed an ancient lich
 61370 | Zot:5    | Gained mutation: You are occasionally teleported next to
                  | monsters. [an orb of fire]
 61372 | Zot:5    | Killed a Killer Klown
 61378 | Zot:5    | Killed an orb of fire
 61378 | Zot:5    | Killed an ancient lich
 61405 | Zot:5    | Killed a dread lich
 61424 | Zot:5    | Killed a Killer Klown
 61611 | Zot:5    | Noticed a Killer Klown
 61622 | Zot:5    | Killed a Killer Klown
 61699 | Zot:5    | Lost the prismatic gem through the power of Zot.Gained a
                  | life (13 lives remaining)
 61743 | Zot:5    | Got the Orb of Zot
 61913 | Zot:1    | HP: 1/177 [white draconian stormcaller/divine providence[a
                  | red draconian scorcher] (9)]
 61914 | Zot:1    | Killed from afar by a white draconian stormcaller

Illustrated notes

Levels and vault maps discovered:
D:1:      giann_bridges, layout_loops_corners
D:2:      layout_basic, basic_altar, nrook_uturn, nicolae_underground_beach
D:3:      layout_loops_ring, mainiacjoe_overflow_brackets, minitemple,
          mainiacjoe_overflow_alcove_2, uniq_terence
D:4:      layout_layer_cave, minmay_temple_entry_antechambers, serial_shops,
          shop, minmay_shop_damaged
D:5:      layout_cave_pools, gammafunk_ghost_cemetery,
          hangedman_decor_diamond_cutter, hangedman_decor_lopped,
          uniq_eustachio, uniq_sigmund, uniq_crazy_yiuf_cottage
D:6:      cheibrodos_steamvent, layout_basic, bloody_trog,
          mainiacjoe_overflow_paths, uniq_maggie
D:7:      layout_basic
D:8:      layout_loops_ring, slow_altar_2, vehumet_altar_wand_db,
          nicolae_gozag_cash_rules_everything_around_me, lair_entry_dummy,
          enter_bailey_7
D:9:      layout_cave_pools, nicolae_ru_path_of_blood, erik_orc_1,
          serial_column_ruins, column_ruins_columns_straight,
          column_ruins_corridor_straight, column_ruins_open_tiny_water
D:10:     layout_rooms, grunt_ministairs_3
D:11:     layout_basic
D:12:     layout_grid_maze
D:13:     layout_roguey, david_vaults_5, portal_ice_cave_rime
D:14:     layout_stronghold, amcnicky_mini_rare_corridor_liquid, serial_shops,
          nicolae_shop_just_a_little_nook, nicolae_wooded_promenade, uniq_louise
D:15:     gammafunk_enter_depths_forms, layout_rooms,
          ebering_ghost_funeral_grove, minmay_checkerbox
Temple:   grunt_temple_mini_profane
Lair:1:   layout_cave_pods
Lair:2:   layout_cave_pods, beast_lair_carwin_10, infiniplex_staircase_pool_2,
          lemuel_fruit_tree, grunt_megastairs_4, lemuel_fruit_fields
Lair:3:   layout_chaotic_city, swamp_mist_pool, spider_nest_entry_web_field,
          infiniplex_staircase_pool, grunt_megastairs_5, uniq_nessos
Lair:4:   layout_small_grid, dpeg_slime_entry_enclosed, grunt_megastairs_2
Lair:5:   evilmike_catoblepas_cave, layout_gridlike
Swamp:1:  layout_basic_swamp, evilmike_swamp_ruin_house_2
Swamp:2:  layout_falls_marsh, serial_swamp_ruin, evilmike_swamp_ruin_house_1,
          evilmike_swamp_ruin_house_5, evilmike_swamp_ruin_house_3,
          swamp_pool_1_2, nicolae_swamp_long_stream
Swamp:3:  layout_basic_swamp, hangedman_swamp_ruin_wall,
          nicolae_swamp_fairy_circle
Swamp:4:  swamp_alternative, layout_basic_swamp, swamp_pool_5,
          nicolae_swamp_baby_hydras
Spider:1: layout_spider_delve, hangedman_spider_tarantella_strand, uniq_azrael
Spider:2: layout_spider_delve, drop_trap
Spider:3: layout_spider_delve, uniq_mara
Spider:4: guppyfry_spider_rune
Slime:1:  layout_caves
Slime:2:  layout_caves
Slime:3:  layout_caves
Slime:4:  layout_caves
Slime:5:  slime_pit_nicolae_inversion
Orc:1:    layout_caves, serial_shops, shop, nicolae_volcano_entry_s_turn,
          uniq_snorg, uniq_erica
Orc:2:    st_orc_ogre_mass, layout_caves
Elf:1:    nicolae_elf_arrival_fired_up, layout_geoelf_grid, serial_shops,
          nicolae_shop_crystal, minmay_elf_annihilation, nicolae_custom_books,
          lemuel_upstairs_altar
Elf:2:    nicolae_elf_blades_splatter_lattice [nooodl_blade_entry_preview],
          layout_gridlike, uniq_nikola
Elf:3:    minmay_elf_hall_statues, layout_loops_cross, serial_shops,
          nicolae_shop_temple_entry_statues_fountains,
          nicolae_elf_double_double_double_trouble
Vaults:1: nicolae_vaults_arrows, nicolae_vaults_lightning_bolt, v_misc_28,
          nicolae_vaults_diffraction_hallways, vaults_dpeg_diagonal,
          nicolae_vaults_sesquioval_fish, hangedman_vaults_hat,
          nicolae_vaults_heist, nicolae_vaults_ring_of_whatevers,
          layout_vaults_chaotic_city, uniq_asterion
Vaults:2: ontoclasm_vaults_ring_large, grunt_vaults_focal,
          ontoclasm_vaults_chip, nicolae_vaults_murderbox,
          minmay_crypt_entry_necro_gods, nicolae_vaults_closet_pinwheel_6,
          hangedman_vaults_stream, vaults_dpeg_hooks,
          nicolae_vaults_storage_closets_1, nicolae_vaults_house_2,
          nicolae_vaults_surprise_closet, layout_vaults_omnicross, serial_shops,
          nicolae_shop_stone
Vaults:3: vaults_room_stairs_pillars, vaults_room_pool,
          nicolae_vaults_more_shelving_1, nicolae_vaults_tetromino_T_1,
          nicolae_vaults_heart-shaped_vault, nicolae_vaults_more_shelving_2,
          nicolae_vaults_gold_heap, nicolae_vaults_double_plus_1,
          layout_vaults_omnigrid, uniq_boris
Vaults:4: grunt_vaults_hallway_long, v_misc_3,
          vaults_standard_mumra_enter_the_diamond, vaults_dpeg_spiral,
          nicolae_vaults_tetromino_Z_1, hangedman_vaults_nodes,
          nicolae_vaults_frosty_reception, vaults_dpeg_cross,
          vaults_standard_mumra_enter_the_diamond, ontoclasm_vaults_twist,
          nicolae_vaults_oozy_zoo, v_alt_pattern_2,
          nicolae_vaults_trapezoid_layered, nicolae_vaults_oval_intersection,
          layout_vaults_omnibox
Vaults:5: serial_shops
Depths:1: layout_gridlike, enter_ziggurat_a, tso_metal_star, lightli_too_deep,
          nicolae_concentric_dashed_squares_wild, minivault_16, elyvilon_altar_4
Depths:2: minmay_crescents, layout_basic, pan_entry,
          pf_vacation_house_of_asmodeus
Depths:3: minmay_octagon_keep, layout_cave_shapes, minmay_room_of_horrors,
          hell_entry, serial_column_ruins, column_ruins_portal_squares,
          column_ruins_corridor_T, column_ruins_open_large,
          column_ruins_corridor_straight, column_ruins_grid_1,
          column_ruins_grid_1, xom_redecorated, uniq_sojobo
Depths:4: grunt_twist_and_shout, layout_cave_shapes, hell_entry
Zot:1:    kennysheep_room_grid, layout_onion, grunt_megastairs_1
Zot:2:    layout_cellular_growth, skrybe_zot_glass_3, uniq_parghit
Zot:3:    layout_misc_corridors, regret_index_zotdec_twisting_globes
Zot:4:    minmay_elemental_castle, layout_twisted_circle,
          regret_index_zotdec_split_disrupt
Zot:5:    layout_cathedral_of_symmetry

Skill      XL: |  1  2  3  4  5  6  7  8  9 10 11 12 13 14 15 16 17 18 19 20 21 22 23 24 |
---------------+-------------------------------------------------------------------------+-----
Alchemy        | 3 5 6 8 10 11 12 14 | 14.6
Armour         | 2 3 5 6 8 9 10 12 13 14 15 17 19 20 21 | 21.7
Maces & Flails | 1 |  1.6
Fighting       | 1 2 3 4 6 7 9 10 11 12 13 14 15 16 17 18 19 | 19.4
Staves         | 2 3 4 5 6 7 9 10 13 | 13.9
Evocations     | 1 2 |  2.0
Spellcasting   | 2 4 6 7 9 10 11 12 13 14 15 | 15.7
Stealth        | 3 5 |  5.0
Invocations    | 2 5 6 7 |  7.8
Dodging        | 2 3 |  3.0
Fire Magic     | 4 5 |  5.0
Translocations | 8 11 12 | 12.9
Conjurations   | 3 6 8 9 |  9.9
Throwing       | 3 |  3.0
Hexes          | 4 8 |  8.0
Polearms       | 4 5 |  5.4
Air Magic      | 4 7 8 |  8.0
Shields        | 8 9 |  9.2

Action                     |  1- 3 |  4- 6 |  7- 9 | 10-12 | 13-15 | 16-18 | 19-21 | 22-24 || total
---------------------------+-------+-------+-------+-------+-------+-------+-------+-------++-------
  Melee: Whip              |    23 |       |       |       |       |       |       |       ||    23
         Unarmed           |     2 |       |       |       |       |       |       |       ||     2
         Mace              |    70 |     4 |       |       |       |       |       |       ||    74
         Tailslap          |    10 |     9 |    34 |    59 |   115 |   114 |   133 |   279 ||   753
         Punch             |     2 |       |       |       |       |     2 |     9 |     7 ||    20
         Lajatang          |       |   104 |   216 |   377 |   662 |   153 |     2 |       ||  1514
         Quarterstaff      |       |       |       |       |     8 |       |       |       ||     8
         Morningstar       |       |       |       |       |     4 |       |       |       ||     4
         Trident           |       |       |       |       |       |   449 |   714 |   182 ||  1345
         Bo                |       |       |       |       |       |       |       |   788 ||   788
   Fire: Sling             |     5 |     1 |       |       |       |       |       |       ||     6
         Shortbow          |       |       |       |       |     4 |       |     2 |       ||     6
  Throw: Dart              |       |       |       |     7 |     3 |     1 |     2 |     3 ||    16
   Cast: Sting             |    37 |     7 |    40 |    12 |    22 |    12 |     9 |     4 ||   143
         Olgreb's Toxic Ra |       |       |       |    35 |   115 |   252 |   191 |   155 ||   748
         Ignite Poison     |       |       |       |       |    29 |   120 |   100 |    70 ||   319
         Sticky Flame      |       |       |       |       |    15 |    31 |    34 |    27 ||   107
         Blink             |       |       |       |       |     1 |     1 |       |     2 ||     4
         Irradiate         |       |       |       |       |       |    31 |    31 |    28 ||    90
         Scorch            |       |       |       |       |       |     4 |    32 |    22 ||    58
         Vhi's Electric Ch |       |       |       |       |       |       |     4 |    16 ||    20
         Yara's Violent Un |       |       |       |       |       |       |     3 |    16 ||    19
         Alistair's Intoxi |       |       |       |       |       |       |     3 |       ||     3
         Dispersal         |       |       |       |       |       |       |       |     2 ||     2
         Passage of Golubr |       |       |       |       |       |       |       |     2 ||     2
 Invoke: Recall Ancestor   |       |       |     1 |     4 |     4 |     1 |     1 |     4 ||    15
         Ancestor Life: He |       |       |     1 |       |       |       |       |       ||     1
         Idealise          |       |       |       |       |     1 |     1 |       |     1 ||     3
Ability: Begin Untransform |     1 |       |       |       |       |       |       |       ||     1
  Evoke: Wand              |       |     2 |     2 |     6 |     4 |     5 |     3 |    17 ||    39
         Phantom mirror    |       |       |       |       |     1 |     1 |     1 |     2 ||     5
         Lightning rod     |       |       |       |       |       |       |     4 |     7 ||    11
         Condenser vane    |       |       |       |       |       |       |       |     1 ||     1
         Phial of floods   |       |       |       |       |       |       |       |     1 ||     1
         Sack of spiders   |       |       |       |       |       |       |       |     1 ||     1
    Use: Scroll            |     2 |     7 |     5 |     9 |    12 |     7 |     8 |    18 ||    68
         Potion            |       |       |       |     6 |     6 |     2 |     3 |    18 ||    35
   Stab: Sleeping          |     1 |       |       |       |       |       |       |       ||     1
         Confused          |       |       |     3 |     7 |     9 |    13 |    26 |    41 ||    99
         Distracted        |       |       |     1 |     7 |    12 |     6 |     9 |    16 ||    51
         Paralysed         |       |       |       |       |    19 |    76 |    73 |    93 ||   261
 Armour: Robe              |    21 |       |       |       |       |       |       |       ||    21
         Chain mail        |    81 |   138 |   331 |   386 |   677 |   997 |   873 |   641 ||  4124
         Skin              |       |       |       |     3 |       |       |       |       ||     3
         Plate armour      |       |       |       |       |       |    43 |       |       ||    43
         Storm dragon scal |       |       |       |       |       |       |       |   501 ||   501
  Dodge: Dodged            |    37 |    32 |    72 |    92 |   129 |   185 |   154 |   164 ||   865
  Block: Other             |       |       |       |       |       |       |     3 |    29 ||    32
         Buckler           |       |       |       |       |       |       |       |   169 ||   169
   Form: Beast             |     1 |       |       |       |       |       |       |       ||     1

Table legend: (Time is in decaauts)
 A = Elapsed time spent in this place.
 B = Non-inter-level travel time spent in this place.
 C = Inter-level travel time spent in this place.
 D = Time resting spent in this place.
 E = Time spent auto-exploring this place.
 F = Levels seen in this place.
 G = Mean time per level.
                   A        B        C        D        E       F      G
               +--------+--------+--------+--------+--------+-----+--------+
         Total |  61341 |  55149 |   6192 |  14190 |  26057 |  56 | 1095.4 |
       Dungeon |  16886 |  14226 |   2660 |   2602 |   8002 |  15 | 1125.7 |
        Temple |      1 |      1 |      0 |      0 |      0 |   1 |    1.0 |
          Lair |   8591 |   7797 |    794 |   2642 |   3652 |   5 | 1718.2 |
         Swamp |   3649 |   3481 |    168 |    760 |   1868 |   4 |  912.2 |
   Spider Nest |   5839 |   5430 |    409 |   2407 |   1751 |   4 | 1459.8 |
    Slime Pits |   1430 |   1294 |    136 |    443 |    239 |   5 |  286.0 |
  Orcish Mines |   1722 |   1483 |    239 |     53 |    878 |   2 |  861.0 |
   Elven Halls |   4647 |   4272 |    375 |   1075 |   2055 |   3 | 1549.0 |
        Vaults |  10748 |  10003 |    745 |   2995 |   4448 |   5 | 2149.6 |
        Depths |   4962 |   4421 |    541 |    329 |   2735 |   4 | 1240.5 |
           Zot |   1195 |   1073 |    122 |    299 |     17 |   5 |  239.0 |
        Bailey |    571 |    571 |      0 |    269 |     72 |   1 |  571.0 |
      Ice Cave |    674 |    674 |      0 |    186 |    235 |   1 |  674.0 |
       Volcano |    420 |    420 |      0 |    129 |    105 |   1 |  420.0 |
               +--------+--------+--------+--------+--------+-----+--------+

Top non-repeatable levels by time:
Vaults:1: 2759 daAuts
   Elf:3: 2600 daAuts
Vaults:4: 2509 daAuts
Vaults:5: 2319 daAuts
  Lair:3: 2187 daAuts
Spider:4: 2080 daAuts
    D:13: 2066 daAuts
Vaults:2: 1977 daAuts
  Lair:1: 1949 daAuts
Spider:2: 1886 daAuts
Depths:2: 1680 daAuts
Depths:1: 1546 daAuts
  Lair:2: 1539 daAuts
  Lair:5: 1518 daAuts
    D:12: 1515 daAuts
